cohdb
Replays
Latest Replays
All Replays
Popular Replays
Top Player Replays
Match Explorer
How It Works
Community
CoH3 Stats
Reddit
Sign in to upload your games and track your stats! →
Sign in with Steam
Match 39865161
Unlisted
Match 39865161
Overview
Messages
Build Orders
End
Construct Section Command Post
Royal Engineer Section
Infantry Section
Selects Canadian Shock Battlegroup
Infantry Section
Construct Platoon Command Post
Selects Attacking Spirit
Selects Canadian Shock Section
Canadian Shock Section
Humber Armored Car
Vickers Machine Gun Team
Infantry Training
Construct Field Infirmary
Grenade Package
Selects Incendiary Munitions
Lord Raven
ixo4567
LanceCriminal619
Nashorn101
0
0
Comments
sign in to comment!
No comments posted yet!